 Dungeon Crawl Stone Soup version 0.16-a0-38-g23a437e (webtiles) character file.

249 Badjas the Ruffian (level 5, -1/48 HPs)
             Began as a Minotaur Monk on Aug 4, 2014.
             Slain by a killer bee (7 damage)
             ... on Level 4 of the Dungeon.
             The game lasted 00:10:09 (2535 turns).

Badjas the Ruffian (Minotaur Monk)                  Turns: 2535, Time: 00:10:10

HP  -1/48        AC  4     Str 16      XL: 5   Next: 86%
MP   2/2         EV 14     Int  7      God:
Gold 108         SH  0     Dex 13      Spells:  0 memorised,  4 levels left

rFire  . . .     SeeInvis .     t - +2 war axe (flame)
rCold  . . .     Clarity  .     d - +2 robe {MR+}
rNeg   . . .     rCorr    .     (no shield)
rPois  .         rRot     .     (helmet restricted)
rElec  .         Spirit   .     (no cloak)
SustAb .         Warding  .     (no gloves)
rMut   +         Stasis   .     (no boots)
Gourm  .                        m - amulet of resist mutation
MR     +....                    (no ring)
                                g - +7 ring of slaying

@: very slightly contaminated, hasted, very quick, somewhat resistant to hostile
enchantments, unstealthy
A: retaliatory headbutt, horns 2
a: no special abilities


You were on level 4 of the Dungeon.
You were not hungry.

You visited 1 branch of the dungeon, and saw 4 of its levels.

You collected 108 gold pieces.

Inventory:

Hand weapons
 e - a +3 hunting sling of freezing
 t - a +2 war axe of flaming (weapon)
Armour
 d - a +2 robe of magic resistance (worn)
Comestibles
 b - 5 bread rations
 j - a beef jerky
 k - a slice of pizza
 s - a royal jelly
Scrolls
 r - a scroll of noise {unknown}
Jewellery
 a - an uncursed ring of flight {unknown}
 f - an uncursed amulet of resist corrosion {unknown}
 g - a +7 ring of slaying (left hand)
 m - an amulet of resist mutation (around neck)
 q - a +5 ring of protection {unknown}
Potions
 c - 2 potions of heal wounds {unknown}
 h - a potion of confusion {unknown}
 l - a potion of restore abilities
 o - a potion of resistance {unknown}
 p - a potion of porridge


   Skills:
 + Level 5.2 Fighting
 * Level 1.6 Axes
 + Level 4.7 Dodging
 + Level 2.0 Stealth
 - Level 5.6 Unarmed Combat


You had 4 spell levels left.
You didn't know any spells.

Dungeon Overview and Level Annotations

Branches:
Dungeon (4/15)
 Temple: D:4-7

Altars:
Sif Muna


Innate Abilities, Weirdness & Mutations

You reflexively headbutt those who attack you in melee.
You have a pair of horns on your head.


Message History

Your Stealth skill increases to level 2!
The killer bee barely misses you. The orc misses you. You furiously retaliate!
You headbutt the orc!
You kill the orc!
Drink which item? (? for menu, Esc to quit)
Okay, then.
Drink which item? (? for menu, Esc to quit)
You feel yourself speed up. The killer bee closely misses you.
You furiously retaliate!
You headbutt the killer bee! The killer bee stings you.
* * * LOW HITPOINT WARNING * * *
The killer bee stings you but does no damage.
The killer bee stings you!
* * * LOW HITPOINT WARNING * * *
The phantom hits you.
* * * LOW HITPOINT WARNING * * *
You are very lightly contaminated with residual magic.
Drink which item? (? for menu, Esc to quit)
You feel better. The killer bee misses you. The killer bee stings you!
You die...

##########
#........###
...........
######......#
##..##.....#
##.....%....##
###............## .
##y@########.....###
... ##.Wy#
#...>....%
.....y###.).##
#........)
..ยง....)%..##
#...##.....
..>...#)..##
..#####.... ...
....## .. ##..# .
...#.## #### .?.....
#.#.#.


You could see a phantom and 2 killer bees.

Vanquished Creatures
  A killer bee (D:4)
  An orc priest (D:3)
  Jessica (D:3)
  6 adders
  2 worms (D:2)
  A giant gecko (D:1)
  3 oozes
  14 orcs
  A giant cockroach (D:2)
  10 hobgoblins
  2 jackals (D:3)
  10 kobolds
  A quokka (D:3)
  2 ball pythons
  9 bats
  5 giant newts
  7 goblins
  8 rats
84 creatures vanquished.

Notes
Turn   | Place    | Note
--------------------------------------------------------------
     0 | D:1      | Badjas, the Minotaur Monk, began the quest for the Orb.
     0 | D:1      | Reached XP level 1. HP: 19/19 MP: 1/1
   349 | D:1      | Reached XP level 2. HP: 27/27 MP: 1/1
   924 | D:2      | Found a deep blue altar of Sif Muna.
  1005 | D:2      | Reached XP level 3. HP: 24/33 MP: 2/2
  1376 | D:2      | Reached skill level 5 in Unarmed Combat
  1571 | D:2      | Reached XP level 4. HP: 36/41 MP: 2/2
  1775 | D:3      | Noticed Jessica
  1779 | D:3      | Killed Jessica
  2097 | D:3      | Reached XP level 5. HP: 43/47 MP: 2/2
  2099 | D:3      | Reached skill level 5 in Fighting
  2446 | D:4      | Reached skill level 1 in Axes
  2520 | D:4      | Noticed a phantom
  2534 | D:4      | HP: 1/48 [phantom (5)]
  2535 | D:4      | Slain by a killer bee

Action                   |  1- 3 |  4- 6 || total
-------------------------+-------+-------++-------
Melee: Unarmed           |    69 |    35 ||   104
       War axe           |       |    20 ||    20
  Use: Scroll            |       |     6 ||     6
       Potion            |       |     4 ||     4
 Stab: Sleeping          |       |     2 ||     2
  Eat: Chunk             |     2 |     3 ||     5
